AoeStats
← CousinMikey

MegaRandom

505724080Analyzed
1v1 RM · 22d ago on Sep 10, 2026· 50m 0s· 2 players
Game mode
Random Map
Map size
Tiny (2 player)
Population
200
Speed
Normal
Resources
Standard
Victory
Conquest
Starting age
Dark Age
Ending age
Imperial Age
RankedLock teamsTeams togetherTeam positionsShared explorationLock speedFull tech treeHidden civsTurbo modeCheats
Victory
Defeat
🇨🇦 Mongols · Canada
1307
+17
🇺🇸 Lithuanians · United States
1326
-17
GawkyBloom79379
6:42 Loom
9:01 Feudal Age
14:54 Castle Age
14:55 Double-Bit Axe
21:37 Bow Saw
22:37 Medium Warships
22:56 Bloodlines
23:48 Scale Barding Armor
23:47 Horse Collar
27:53 Gold Mining
30:28 Fishing Lines
34:56 Imperial Age
34:04 Gold Shaft Mining
33:54 Fletching
34:05 Padded Archer Armor
35:39 Ballistics
35:43 Bodkin Arrow
36:38 Devotion
36:51 Husbandry
36:14 Light Cavalry
38:21 Wheelbarrow
37:32 Town Watch
38:09 Bracer
39:47 Hand Cart
41:37 Forging
43:39 Chain Barding Armor
44:03 Leather Archer Armor
44:24 Iron Casting
44:27 Heavy Plow
46:54 Conscription
46:02 Hussar
50:30 Blast Furnace
CousinMikey
6:38 Loom
10:29 Feudal Age
11:00 Double-Bit Axe
18:26 Castle Age
18:00 Stone Mining
18:21 Scale Barding Armor
19:41 Bow Saw
24:14 Wheelbarrow
23:27 Demolition Ship
24:39 Horse Collar
31:16 Sanctity
31:09 Fervor
31:40 Heavy Plow
39:17 Imperial Age
37:40 Ballistics
37:42 Fletching
37:52 Padded Archer Armor
38:18 Hand Cart
37:52 Elite Skirmisher
39:06 Masonry
39:40 Town Watch
39:59 Bodkin Arrow
41:15 Chemistry
40:36 Conscription
40:53 Leather Archer Armor
41:10 Tower Shields
42:40 Bracer
43:52 Architecture
43:52 Hill Forts
44:33 Ring Archer Armor
44:35 Bloodlines
45:21 Chain Barding Armor
45:21 Light Cavalry
46:02 Husbandry
46:16 Forging
47:00 Capped Ram
48:44 Scale Mail Armor
48:12 Pikeman
48:53 Squires
50:26 Chain Mail Armor
50:47 Iron Casting
Connection lost

Rejoining the realm…

Still unreachable

The connection could not be restored.

Session expired

The server has moved on; the page needs a fresh start.